 Dungeon Crawl Stone Soup version 0.31-a0-185-g9dded2c639 (webtiles) character file.

Game seed: 12656180420807460820

72 qw the Shooter (level 4, -5/25 HPs)
             Began as a Deep Elf Hunter on June 22, 2023.
             Slain by Terence
             ... wielding a +0 short sword
              (6 damage)
             ... on level 2 of the Dungeon.
             The game lasted 00:00:35 (784 turns).

qw the Shooter (Deep Elf Hunter)                     Turns: 784, Time: 00:00:35

Health: -5/25      AC:  6    Str: 10    XL:     4   Next: 6%
Magic:  6/6        EV: 11    Int: 14    God:
Gold:   29         SH:  0    Dex: 18    Spells: 3/3 levels left

rFire   . . .        a - +0 shortbow
rCold   . . .        (shield currently unavailable)
rNeg    . . .        e - +0 ring mail
rPois   .            g - +1 hat
rElec   .            (no cloak)
rCorr   .            (no gloves)
SInv    .            (no boots)
Will    .....        (no amulet)
Stlth   +            (no ring)
HPRegen 0.24/turn    (no ring)
MPRegen 0.10/turn

%: no passive effects
@: lethally poisoned (-5 -> -7)
A: no striking features
a: no special abilities


You were on level 2 of the Dungeon.
You visited 1 branch of the dungeon, and saw 2 of its levels.

You collected 56 gold pieces.
You spent 27 gold pieces at shops.


   Skills:
 - Level 1.5 Fighting
 + Level 7.5 Ranged Weapons
 - Level 2.4 Dodging
 - Level 1.2 Stealth


You had 3 spell levels left.
You didn't know any spells.
Your spell library was empty.

Inventory:

Hand Weapons
 a - a +0 shortbow (weapon)
Armour
 e - a +0 ring mail (worn)
 g - a +1 hat (worn)
Scrolls
 c - 2 scrolls of teleportation {unknown}
 d - a scroll of identify {unknown}
Potions
 b - a potion of magic {unknown}
 f - a potion of curing {unknown}
 h - a potion of mutation {unknown}
 i - a potion of enlightenment {unknown}

Dungeon Overview and Level Annotations

Branches:
Dungeon (2/15)

Altars:

Shops:
D:2 *:!

Annotations:
D:2 Terence


Message History

The jackal bites you. Terence hits you but does no damage.
The jackal bites you but does no damage.
The adder completely misses you.
You shoot an arrow.
The arrow hits Terence but does no damage.
Terence is almost dead.
The jackal closely misses you. The adder bites you.
Terence hits you but does no damage.
The jackal bites you but does no damage.
You shoot an arrow.
The arrow hits Terence but does no damage.
Terence is almost dead.
The adder closely misses you. Terence barely misses you.
A goblin comes into view. It is wielding a +0 club.
The jackal bites you but does no damage.
The adder bites you.
You are poisoned.
The adder poisons you!
You shoot an arrow. The goblin shouts!
The arrow hits Terence but does no damage.
Terence is almost dead.
You feel sick.
The jackal bites you but does no damage.
Terence completely misses you. The adder misses you.
The jackal barely misses you. Terence hits you with a +0 short sword.
You shoot an arrow.
The arrow hits Terence but does no damage.
Terence is almost dead.
You feel sick. The adder bites you but does no damage.
The jackal bites you but does no damage.
The adder barely misses you. Terence hits you with a +0 short sword.
You shoot an arrow. The arrow closely misses Terence.
The arrow hits the goblin.
You kill the goblin!
You feel sick.
The jackal bites you but does no damage.
The adder closely misses you.
The jackal bites you but does no damage.
Terence hits you with a +0 short sword.
You die...

##)# ######......# #.#
#.......#.### #.. #.
##.....# ### #.
#..#.\.## #
#.##.#.....####### #.
#.......#....>....
###.####..######.#######
..........# ####.#######
.......@..# #.[........#
......h@S.# #...%......#
..........# #..........#
..........# #...........
.......)..# #..........#
..........# #.>........#
..........# #..........#
...%......# #..........#
############


You could see Terence, an adder and a jackal.

Vanquished Creatures
  An adder (D:2)
  3 dart slugs
  An orc (D:2)
  6 ball pythons
  A bat (D:1)
  7 endoplasms
  A giant cockroach (D:2)
  3 hobgoblins
  8 jackals
  4 kobolds (D:1)
  2 quokkas
  3 frilled lizards
  5 goblins
  5 rats
50 creatures vanquished.

Notes
Turn   | Place    | Note
-------+----------+-------------------------------------------
     0 | D:1      | qw the Deep Elf Hunter began the quest for the Orb.
     0 | D:1      | Reached XP level 1. HP: 12/12 MP: 3/3
     0 | D:1      | 0 ||| qw: Version: 0.3-a-9-g12657ce
     0 | D:1      | 0 ||| qw: Game counter: 1846
     0 | D:1      | 0 ||| qw: Always use a shield: true
     0 | D:1      | 0 ||| qw: God list: Okawaru
     0 | D:1      | 0 ||| qw: Allow faded altars: false
     0 | D:1      | 0 ||| qw: Do Orc after D:15 true
     0 | D:1      | 0 ||| qw: Do second Lair branch before Depths: true
     0 | D:1      | 0 ||| qw: Lair rune preference: random
     0 | D:1      | 0 ||| qw: Plans: Normal
     0 | D:1      | 0 ||| PLANNING D:1-11
    99 | D:1      | Reached skill level 6 in Ranged Weapons
    99 | D:1      | Reached XP level 2. HP: 16/16 MP: 4/4
   130 | D:1      | 130 ||| FLEEEEING.
   132 | D:1      | 132 ||| FLEEEEING.
   133 | D:1      | 133 ||| FLEEEEING.
   134 | D:1      | 134 ||| FLEEEEING.
   135 | D:1      | 135 ||| FLEEEEING.
   136 | D:1      | 136 ||| FLEEEEING.
   137 | D:1      | 137 ||| FLEEEEING.
   138 | D:1      | 138 ||| FLEEEEING.
   139 | D:1      | 139 ||| FLEEEEING.
   140 | D:1      | 140 ||| FLEEEEING.
   141 | D:1      | 141 ||| FLEEEEING.
   142 | D:1      | 142 ||| FLEEEEING.
   143 | D:1      | 143 ||| FLEEEEING.
   144 | D:1      | 144 ||| FLEEEEING.
   250 | D:1      | Reached XP level 3. HP: 18/20 MP: 5/5
   252 | D:1      | 252 ||| FLEEEEING.
   253 | D:1      | 253 ||| FLEEEEING.
   254 | D:1      | 254 ||| FLEEEEING.
   255 | D:1      | 255 ||| FLEEEEING.
   256 | D:1      | 256 ||| FLEEEEING.
   257 | D:1      | 257 ||| FLEEEEING.
   258 | D:1      | 258 ||| FLEEEEING.
   259 | D:1      | 259 ||| FLEEEEING.
   260 | D:1      | 260 ||| FLEEEEING.
   261 | D:1      | 261 ||| FLEEEEING.
   262 | D:1      | 262 ||| FLEEEEING.
   263 | D:1      | 263 ||| FLEEEEING.
   264 | D:1      | 264 ||| FLEEEEING.
   523 | D:1      | 523 ||| UPGRADING to +0 ring mail.
   533 | D:1      | 533 ||| DROPPING +0 leather armour.
   534 | D:1      | 534 ||| UPGRADING to +1 hat.
   539 | D:1      | 539 ||| DRINKING 2 silvery potions.
   540 | D:1      | 540 ||| DROPPING scroll of butterflies.
   541 | D:1      | 541 ||| DROPPING potion of brilliance.
   557 | D:2      | Reached skill level 7 in Ranged Weapons
   621 | D:2      | Found Watuyfyimon's Assorted Antiques.
   638 | D:2      | 638 ||| BUYING scroll labelled NYALEIR JAFI (27 gold).
   638 | D:2      | Bought a scroll labelled NYALEIR JAFI for 27 gold pieces
   638 | D:2      | 638 ||| SHOPLISTING scroll labelled QINASTR IMMOCAR (27
                  | gold, have 14).
   638 | D:2      | 638 ||| SHOPLISTING scroll labelled RUATYRIZ XENA (27 gold,
                  | have 14).
   638 | D:2      | 638 ||| SHOPLISTING shiny helmet (202 gold, have 14).
   714 | D:2      | Found Nitzigen's Distillery.
   716 | D:2      | Reached XP level 4. HP: 25/25 MP: 6/6
   723 | D:2      | 723 ||| SHOPLISTING potion of curing (30 gold, have 29).
   723 | D:2      | 723 ||| SHOPLISTING potion of heal wounds (50 gold, have
                  | 29).
   723 | D:2      | 723 ||| SHOPLISTING potion of might (40 gold, have 29).
   723 | D:2      | 723 ||| SHOPLISTING potion of mutation (80 gold, have 29).
   754 | D:2      | Found Johut's Book Emporium.
   769 | D:2      | Noticed Terence
   782 | D:2      | HP: 5/25 [poisoned by an adder]
   783 | D:2      | HP: 1/25 [Terence/+0 short sword (2)]
   784 | D:2      | Slain by Terence

Levels and vault maps discovered:
D:1:      mrwooster_arrival_arrow, layout_basic
D:2:      layout_rooms, serial_shops, shop, nicolae_shop_industrial_runoff,
          nicolae_shop_stone, nicolae_diamond_shop, uniq_terence

Skill      XL: |  1  2  3 |
---------------+----------+-----
Ranged Weapons | 6 7 |  7.5
Fighting       | |  1.5
Dodging        | |  2.4
Stealth        | |  1.2

Action                     |  1- 3 |  4- 6 || total
---------------------------+-------+-------++-------
   Fire: Shortbow          |   119 |    18 ||   137
    Use: Potion            |     1 |       ||     1
 Armour: Leather armour    |     2 |       ||     2
         Ring mail         |    23 |    13 ||    36
  Dodge: Dodged            |    44 |    17 ||    61

Table legend:
 A = Non-vault XP
 B = Vault XP
 C = Vault XP percentage of total XP
 D = Non-vault monster count
 E = Vault monster count
 F = Vault count percentage of total count
                 A         B        C        D         E       F
            +---------+---------+-------+---------+---------+-------
      Total |     105 |       0 |   0.0 |      50 |       0 |   0.0
            +---------+---------+-------+---------+---------+-------
        D:1 |      59 |       0 |   0.0 |      32 |       0 |   0.0
        D:2 |      46 |       0 |   0.0 |      18 |       0 |   0.0
            +---------+---------+-------+---------+---------+-------
